 Dungeon Crawl Stone Soup version 0.17-a0-2074-gaf3f87d (webtiles) character file.

52 Maka the Insei (level 3, -2/29 HPs)
             Began as a Demonspawn Monk on Oct 15, 2015.
             Killed from afar by an orc wizard (7 damage)
             ... with a magic dart
             ... on level 2 of the Dungeon.
             The game lasted 00:03:20 (2131 turns).

Maka the Insei (Demonspawn Monk)                    Turns: 2131, Time: 00:03:20

Health: -2/29      AC:  4    Str: 11    XL:     3   Next: 60%
Magic:  0/3        EV: 13    Int: 11    God:
Gold:   133        SH:  0    Dex: 16    Spells: 0 memorised, 2 levels left

rFire  + . .     SeeInvis .       - Unarmed
rCold  . . .     Clarity  .     a - +0 robe
rNeg   . . .     SustAt   .     (no shield)
rPois  .         Gourm    .     (no helmet)
rElec  .         Spirit   +     (no cloak)
rCorr  .         Warding  .     (no gloves)
rMut   .         Stasis   .     (no boots)
MR     .....                    m - amulet of guardian spirit
Stlth  ++........               (no ring)
                                r - ring of protection from fire

@: not resistant to hostile enchantments, unstealthy
A: slimy green scales 1
a: no special abilities


You were on level 2 of the Dungeon.
You were not hungry.

You visited 1 branch of the dungeon, and saw 3 of its levels.

You collected 133 gold pieces.

Inventory:

Armour
 a - a +0 robe (worn)
Jewellery
 m - an amulet of guardian spirit (around neck)
 r - a ring of protection from fire (left hand)
Wands
 t - a wand of polymorph (1)
Scrolls
 c - a scroll of fog {unknown}
 f - 2 scrolls of random uselessness {unknown}
 g - 2 scrolls of recharging {unknown}
 k - a scroll of identify {unknown}
 l - 2 scrolls of remove curse {unknown}
 n - a scroll of blinking {unknown}
 p - a scroll of enchant armour {unknown}
 q - a scroll of magic mapping {unknown}
Potions
 d - 3 potions of resistance {unknown}
 e - a potion of degeneration {unknown}
 h - a potion of curing {unknown}
 i - 2 potions of lignification {unknown}
 j - 2 potions of heal wounds {unknown}
 s - a potion of flight {unknown}
Comestibles
 b - 2 bread rations
 o - a meat ration


   Skills:
 - Level 3.0 Fighting
 - Level 2.6 Dodging
 - Level 1.7 Stealth
 + Level 4.8 Unarmed Combat


You had 2 spell levels left.
You didn't know any spells.

Dungeon Overview and Level Annotations

Branches:
Dungeon (3/15)

Altars:
Cheibriados
Gozag


Innate Abilities, Weirdness & Mutations

You are partially covered in slimy green scales (AC +2).


Message History

There is a stone staircase leading down here.
You closely miss the orc wizard.
The orc wizard is heavily wounded.
The orc wizard points at you and mumbles some strange words.
The puff of frost hits you!
You closely miss the orc wizard. Your punch misses the orc wizard.
The orc wizard is heavily wounded.
The orc wizard hits you with a dagger.
* * * LOW HITPOINT WARNING * * *
You are too injured to fight recklessly!
You are too injured to fight recklessly!
You completely miss the orc wizard.
The orc wizard is heavily wounded.
The orc wizard hits you with a dagger.
* * * LOW HITPOINT WARNING * * *
You barely miss the orc wizard.
The orc wizard is heavily wounded.
The orc wizard gestures at you while chanting.
The magic dart hits you!
You die...

#.# #.# #.#.##.# ######.# ##'##
#.#.##.# #......# ##...##
#......# #.####.# ##.....##
#####.#### #......# ##.......##
#........#
#......###..>..(.(.###.....##.#
#........+......(..'...........
#.......##.........###.....##.#
#....#..###...@[..## #.#...##.#
#.......# ##.[o..## #.##.###.#
##.#.#..# ##...## #.##.# #.#
#......# ##'## #.##.###.#
###.#### #.# #........# #.# #.#
####.##### ##.## ##.## #.#
##...## ##...##### #.#
##.....## #........# #.#


You could see an orc wizard.

Vanquished Creatures
  An adder (D:2)
  An ooze (D:1)
  A worm (D:2)
  A giant gecko (D:1)
  2 orcs (D:2)
  4 giant cockroaches
  3 goblins (D:2)
  2 hobgoblins
  6 bats
  2 giant newts (D:1)
  5 kobolds (D:1)
  6 rats
34 creatures vanquished.

Notes
Turn   | Place    | Note
--------------------------------------------------------------
     0 | D:1      | Maka the Demonspawn Monk began the quest for the Orb.
     0 | D:1      | Reached XP level 1. HP: 18/18 MP: 1/1
   188 | D:1      | Reached skill level 4 in Unarmed Combat
   188 | D:1      | Gained mutation: You are partially covered in slimy green scales (AC +2). [demonic ancestry]
   188 | D:1      | Reached XP level 2. HP: 14/24 MP: 2/2
  1026 | D:2      | Reached XP level 3. HP: 29/29 MP: 3/3
  1291 | D:2      | Found a snail-covered altar of Cheibriados.
  1654 | D:2      | Found an opulent altar of Gozag.
  2131 | D:2      | Killed from afar by an orc wizard

Vault maps used:
D:1:      nagdon_arrival_zigzag_paths
D:2:      nicolae_overflow_hidden_temple, grunt_gozag_breadcrumbs
D:3:      first_bread, vehumet_altar_wand_db

Action                   || total
-------------------------++-------
Melee: Unarmed           ||   139
 Stab: Sleeping          ||     1
  Eat: Chunk             ||     4
